 Dungeon Crawl Stone Soup version 0.17-a0-1978-gc390f2e (webtiles) character file.

4 RobertPalmer the Cutter (level 1, -4/13 HPs)
             Began as a Deep Elf Chaos Knight on Oct 4, 2015.
             Slain by a gnoll
             ... wielding a +1 spear of freezing
              (5 damage)
             ... on level 1 of the Dungeon.
             The game lasted 00:00:28 (177 turns).

RobertPalmer the Cutter (Deep Elf Chaos Knight)      Turns: 177, Time: 00:00:28

Health: -4/13      AC:  5    Str:  9    XL:     1   Next: 58%
Magic:  3/3        EV: 12    Int: 16    God:    Xom [..*...]
Gold:   9          SH:  0    Dex: 14    Spells: 0 memorised, 0 levels left

rFire  . . .     SeeInvis .     a - +0 short sword (chaos)
rCold  . . .     Clarity  .     b - +2 leather armour
rNeg   . . .     SustAt   .     (no shield)
rPois  .         Gourm    .     (no helmet)
rElec  .         Spirit   .     (no cloak)
rCorr  .         Warding  .     (no gloves)
rMut   .         Stasis   .     (no boots)
MR     .....                    (no amulet)
Stlth  +.........               (no ring)
                                (no ring)

@: very slightly contaminated, invisible, not resistant to hostile enchantments,
very unstealthy
A: no striking features
a: Renounce Religion


You were on level 1 of the Dungeon.
You worshipped Xom.
You were a toy of Xom.
You were not hungry.

You visited 1 branch of the dungeon, and saw 1 of its levels.

You collected 9 gold pieces.

Inventory:

Hand Weapons
 a - a +0 short sword of chaos (weapon)
Armour
 b - a +2 leather armour (worn)
Scrolls
 d - a scroll of enchant armour {unknown}
Comestibles
 c - a bread ration {@e1}


   Skills:
 - Level 2.4 Fighting
 + Level 3.3 Short Blades
 - Level 0.7 Armour
 - Level 2.4 Dodging


You couldn't memorise any spells.
You didn't know any spells.

Dungeon Overview and Level Annotations

Branches:
Dungeon (1/15)

Altars:


Message History

Unknown command.
You open the door. You open the door. You open the door.
As you open the door, it creaks loudly!
There is an open door here.
You open the door.
There is an open door here.
You open the door.
There is an open door here.
A bat comes into view.
A bat is nearby!
A bat is nearby!
A bat is nearby!
The bat hits you.
You take 1 damage, and have 12/13 hp.
You hit the bat.
The bat is poisoned.
You kill the bat!
No target in view!
No target in view!
A rat comes into view.
You see here a dagger.
A rat is nearby!
A rat is nearby!
A rat is nearby!
A rat is nearby!
You barely miss the rat. The rat closely misses you.
You hit the rat. You freeze the rat. The rat misses you.
You hit the rat but do no damage. The rat barely misses you.
You barely miss the rat. The rat bites you.
You take 1 damage, and have 11/13 hp.
You barely miss the rat. The rat closely misses you.
You hit the rat. You freeze the rat.
You kill the rat!
No target in view!
You see here a rat corpse.
You open the door.
A kobold comes into view.
A kobold is nearby!
A kobold is nearby!
A kobold is nearby!
There is an open door here.
You hit the kobold. You freeze the kobold.
You kill the kobold!
No target in view!
No target in view!
No target in view!
No target in view!
You now have 9 gold pieces.
You open the door. You open the door.
A goblin comes into view.
A goblin is nearby!
A goblin is nearby!
A goblin is nearby!
There is an open door here.
The goblin shouts!
You hit the goblin. The goblin hits you but does no damage.
You closely miss the goblin. The goblin misses you.
You closely miss the goblin. The goblin hits you.
You take 2 damage, and have 10/13 hp.
You barely miss the goblin. The goblin barely misses you.
You hit the goblin.
The goblin is poisoned.
The goblin closely misses you.
You hit the goblin. You freeze the goblin.
You kill the goblin!
No target in view!
No target in view!
You see here a goblin corpse.
You see here 15 sling bullets.
A gnoll comes into view. It is wielding a spear of freezing.
A gnoll is nearby!
Health restored: 13 A gnoll is nearby!
A gnoll is nearby!
A gnoll is nearby!
The gnoll shouts!
You aren't carrying any items that can be evoked.
Unknown command.
You see here a scroll labeled QUHYIGR OTECU.
d - a scroll labeled QUHYIGR OTECU Xom smiles on you.
You fade into invisibility!
The gnoll hits you from afar with a spear of freezing.
The gnoll freezes you.
You emit a cloud of colourful smoke!
You are very lightly contaminated with residual magic.
You take 3 damage, and have 10/13 hp.
MASSIVE DAMAGE!!
You completely miss the gnoll.
The gnoll hits you with a spear of freezing!
Ouch! That really hurt!
* * * LOW HITPOINT WARNING * * *
The gnoll freezes you.
* * * LOW HITPOINT WARNING * * *
You take 9 damage, and have 1/13 hp.
MASSIVE DAMAGE!!
Unknown command.
You barely miss the gnoll.
The gnoll hits you with a spear of freezing.
You die...

#.♣#♣#♣#♣.# .. ♣♣#
#.# #..# .#
#.######..##.###♣
#............%...
#.###......#.#.#.
#.###......#.#
#......§.....#.##
#.####.#§§#........
#......g@§§§....$..
######.###########.
#.# #.# ... ..#
#..# #..#


You could see a gnoll.

Vanquished Creatures
  A bat (D:1)
  A goblin (D:1)
  A kobold (D:1)
  A rat (D:1)
4 creatures vanquished.

Notes
Turn   | Place    | Note
--------------------------------------------------------------
     0 | D:1      | RobertPalmer the Deep Elf Chaos Knight began the quest for the Orb.
     0 | D:1      | Reached XP level 1. HP: 13/13 MP: 3/3
   174 | D:1      | XOM: potion effect (invisibility)
   174 | D:1      | XOM: smoke on damage
   176 | D:1      | HP: 3/13 [gnoll/spear of freezing (7)]
   176 | D:1      | HP: 1/13 [gnoll/spear of freezing (2)]
   177 | D:1      | Slain by a gnoll

Vault maps used:
D:1:      minmay_arrival_doors, serial_forest, infiniplex_forest_straight_2,
          infiniplex_forest_end_1, infiniplex_forest_clump_medium,
          infiniplex_forest_lined_3_way, infiniplex_forest_end_3,
          infiniplex_forest_clump_small

Action                   || total
-------------------------++-------
Melee: Short sword       ||    16

Vault maps used:
D:1:      minmay_arrival_doors, serial_forest, infiniplex_forest_straight_2,
          infiniplex_forest_end_1, infiniplex_forest_clump_medium,
          infiniplex_forest_lined_3_way, infiniplex_forest_end_3,
          infiniplex_forest_clump_small

Table legend:
 A = Turns spent in this place as a percentage of turns spent in the entire game.
 B = Non-inter-level travel turns spent in this place as a percentage of non-inter-level travel turns spent in the entire game.
 C = Inter-level travel turns spent in this place as a percentage of turns spent in this place.
 D = Turns resting spent in this place as a percentage of non-inter-level travel turns spent in this place.
 E = Turns spent auto-exploring this place as a percentage of non-inter-level travel turns spent in this place.
 F = Non-inter-level travel turns spent in this place divided by the number of levels of this place that you've seen.
                   A       B       C       D       E      F
               +-------+-------+-------+-------+-------+----------------------
         Total | 100.0 | 100.0 |   0.0 |   0.0 |   6.0 |  83.0
       Dungeon | 100.0 | 100.0 |   0.0 |   0.0 |   6.0 |  83.0
               +-------+-------+-------+-------+-------+----------------------

Table legend:
 A = Kills in this place as a percentage of kills in entire the game.
 B = Kills by you in this place as a percentage of kills by you in the entire game.
 C = Kills by friends in this place as a percentage of kills by friends in the entire game.
 D = Other kills in this place as a percentage of other kills in the entire game.
 E = Experience gained in this place as a percentage of experience gained in the entire game.
 F = Experience gained in this place divided by the number of levels of this place that you have seen.
                   A       B       C       D       E      F
               +-------+-------+-------+-------+-------+----------------------
         Total | 100.0 | 100.0 |  -nan |  -nan | 100.0 |   7.0
       Dungeon | 100.0 | 100.0 |  -nan |  -nan | 100.0 |   7.0
               +-------+-------+-------+-------+-------+----------------------
